AoeStats
← Barón de la Cerveza

Hideout

509703718Analyzed
1v1 RM · 5d ago on Sep 27, 2026· 31m 21s· 2 players
Game mode
Random Map
Map size
Tiny (2 player)
Population
200
Speed
Normal
Resources
Standard
Victory
Conquest
Starting age
Dark Age
Ending age
Imperial Age
RankedLock teamsTeams togetherTeam positionsShared explorationLock speedFull tech treeHidden civsTurbo modeCheats
Victory
Defeat
🇺🇸 Japanese · United States
2378
+2
🇲🇽 Saxons · Mexico
1868
-2
RedPhosphoru
8:44 Feudal Age
7:38 Loom
9:20 Double-Bit Axe
9:15 Horse Collar
10:51 Man-at-Arms
12:36 Arson
18:40 Castle Age
16:31 Loom
17:15 Stone Mining
18:05 Scale Barding Armor
18:42 Wheelbarrow
19:38 Fletching
23:43 Scale Mail Armor
24:22 Gold Mining
26:19 Chain Mail Armor
27:45 Squires
31:22 Gold Shaft Mining
31:22 Forging
Barón de la Cerveza
9:42 Feudal Age
11:43 Loom
14:38 Castle Age
14:29 Scale Mail Armor
14:34 Horse Collar
20:37 Double-Bit Axe
22:02 Heavy Plow
23:58 Wheelbarrow
23:43 Bow Saw
27:00 Fletching
Connection lost

Rejoining the realm…

Still unreachable

The connection could not be restored.

Session expired

The server has moved on; the page needs a fresh start.